 Dungeon Crawl Stone Soup version 0.30.1-11-g7821555f0a (webtiles) character file.

Game seed: 14179800204084695224

489 lonewolfV2 the Trooper (level 7, -5/59 HPs)
             Began as a Formicid Fighter on Nov 17, 2023.
             Was an Initiate of Qazlal.
             Killed by nerve-wracking pain
             ... invoked by a shadow imp
              (13 damage)
             ... on level 5 of the Dungeon.
             The game lasted 00:03:27 (2923 turns).

lonewolfV2 the Trooper (Formicid Fighter)           Turns: 2923, Time: 00:03:28

Health: -5/59      AC:  9    Str: 20    XL:     7   Next: 36%
Magic:  7/7        EV:  9    Int:  8    God:    Qazlal [......]
Gold:   191        SH:  5    Dex: 15    Spells: 6/6 levels left

rFire   . . .        a - +1 war axe
rCold   . . .        c - +0 buckler
rNeg    . . .        b - +0 scale mail
rPois   .            (helmet unavailable)
rElec   .            (no cloak)
rCorr   .            (no gloves)
SInv    +            g - +1 pair of boots
Will    .....        (no amulet) Stlth
                     (no ring)
HPRegen 0.29/turn    (no ring)
MPRegen 0.10/turn

%: no passive effects
@: lethally poisoned (-5 -> -12)
A: permanent stasis, dig shafts and tunnels, antennae 3, four strong arms
a: Dig, Shaft Self, Renounce Religion


You were on level 5 of the Dungeon.
You worshipped Qazlal.
Qazlal was noncommittal.
You visited 1 branch of the dungeon, and saw 5 of its levels.

You collected 191 gold pieces.

Inventory:

Hand Weapons
 a - a +1 war axe (weapon)
Armour
 b - a +0 scale mail (worn)
 c - a +0 buckler (worn)
 g - a +1 pair of boots (worn)
Jewellery
 m - an amulet of reflection
Wands
 j - a wand of acid (9)
 o - a wand of iceblast (7)
Scrolls
 l - 2 scrolls of enchant weapon
Potions
 d - a potion of might
 e - 2 potions of lignification
 f - 3 potions of flight
 h - 2 potions of mutation
 i - a potion of curing
 p - a potion of cancellation {unknown}


   Skills:
 + Level 6.5 Fighting
 + Level 5.4 Axes
 - Level 3.2 Armour
 - Level 4.0 Shields


You had 6 spell levels left.
You didn't know any spells.
Your spell library contained the following spells:

 Spells                   Type           Power      Damage    Failure   Level
 Sublimation of Blood     Necr           0%         N/A       93%         2
 Petrify                  Tmut/Erth      0%         N/A       100%        4
 Irradiate                Conj/Tmut      0%         3d11      100%        5


Dungeon Overview and Level Annotations

Branches:
Dungeon (5/15)
 Temple: D:4-7

Altars:
Qazlal
Vehumet
Yredelemnul


Innate Abilities, Weirdness & Mutations

You cannot be hasted, slowed, berserked, paralysed or teleported.
You can dig through walls and to a lower floor.
You have a pair of large antennae on your head. (SInv)
Your four strong arms can wield two-handed weapons with a shield.


Message History

You block the hound's attack.
The shadow imp hits you but does no damage.
The scorpion stings you but does no damage.
The hound barely misses you.
You closely miss the scorpion.
The scorpion is moderately wounded.
You closely miss the shadow imp. You barely miss the hound.
You feel sick. You block the hound's attack. The scorpion closely misses you.
The shadow imp disappears for a moment.
The shadow imp hits you. The hound bites you but does no damage.
The scorpion closely misses you. The shadow imp closely misses you.
You completely miss the scorpion.
The scorpion is moderately wounded.
You barely miss the shadow imp. You barely miss the hound.
You closely miss the jackal.
You feel sick. The hound bites you but does no damage.
The jackal bites you but does no damage.
The scorpion stings you.
You are more poisoned.
The scorpion poisons you! The jackal bites you.
You block the shadow imp's attack. The hound bites you but does no damage.
The jackal bites you but does no damage.
You feel very sick. The jackal closely misses you.
You block the shadow imp's attack.
The shadow imp attacks as you move away!
The shadow imp closely misses you.
You feel very sick. The jackal barely misses you.
The jackal bites you but does no damage.
The shadow imp gestures at you. Pain shoots through your body!
* * * LOW HITPOINT WARNING * * *
There is a stone staircase leading up here.
* * * LOW HITPOINT WARNING * * *
You feel sick. You block the jackal's attack.
The hound bites you but does no damage.
The shadow imp shouts, "Face thy fugue, thou churlish fat-kidneyed joithead!"
The shadow imp gestures at you. Pain shoots through your body!
You die...

####### #.....# .
# ##.@...#....
#...##5hhs....[..
...†..ch....##...
....)h#.....#
..(.......###
........#..#
..........?..
.......#####.#
....... ...


You could see a centaur, a scorpion, a hound, a shadow imp and 3 jackals.

Vanquished Creatures
  2 ogres (D:5)
  A scorpion (D:4)
  A howler monkey (D:5)
  A hound (D:4)
  2 iguanas
  6 adders
  2 worms
  3 dart slugs
  7 orcs (D:3)
  A bat (D:1)
  9 endoplasms
  3 giant cockroaches
  10 goblins
  4 hobgoblins
  2 jackals (D:1)
  3 quokkas
  5 ball pythons
  6 frilled lizards
  9 kobolds
  3 rats
80 creatures vanquished.

Notes
Turn   | Place    | Note
-------+----------+-------------------------------------------
     0 | D:1      | lonewolfV2 the Formicid Fighter began the quest for the
                  | Orb.
     0 | D:1      | Reached XP level 1. HP: 18/18 MP: 1/1
   180 | D:1      | Reached XP level 2. HP: 24/24 MP: 2/2
   456 | D:1      | Reached XP level 3. HP: 28/30 MP: 3/3
   493 | D:1      | Reached skill level 4 in Fighting
  1002 | D:2      | Reached XP level 4. HP: 37/37 MP: 4/4
  1211 | D:2      | Found a faded altar of an unknown god.
  1806 | D:3      | Reached XP level 5. HP: 43/43 MP: 5/5
  2131 | D:3      | Found a basalt altar of Yredelemnul.
  2286 | D:4      | Reached skill level 5 in Fighting
  2327 | D:4      | Found a stormy altar of Qazlal.
  2334 | D:4      | Became a worshipper of Qazlal Stormbringer
  2498 | D:4      | Reached XP level 6. HP: 50/51 MP: 6/6
  2525 | D:4      | Found a radiant altar of Vehumet.
  2893 | D:5      | Entered Level 5 of the Dungeon
  2893 | D:5      | Noticed an ogre
  2896 | D:5      | Noticed an ogre
  2897 | D:5      | Killed an ogre
  2898 | D:5      | Reached skill level 6 in Fighting
  2898 | D:5      | Reached skill level 5 in Axes
  2898 | D:5      | Reached XP level 7. HP: 58/58 MP: 7/7
  2923 | D:5      | Killed from afar by a shadow imp

Illustrated notes

Levels and vault maps discovered:
D:1:      dpeg_arrival_tiny_d, layout_basic, grunt_decor_one_mirror
D:2:      layout_loops_ring, shapermc_ecumenical_altar_flowoftime,
          glass_columns_b, grunt_decor_cap
D:3:      layout_loops_ring, yredelemnul_altar_generic, nrook_mini_backslash,
          kennysheep_donut
D:4:      layout_rooms, nicolae_vehumet_radiance, old_standard_altar,
          serial_park_tiny_2
D:5:      layout_rooms, gup_sewer_entry_bubbles, serial_shops, shop_fountains,
          hangedman_glass_teeth, nicolae_zen_rock_garden

Skill      XL: |  1  2  3  4  5  6 |
---------------+-------------------+-----
Fighting       | 4 5 6 |  6.5
Axes           | 3 4 5 |  5.4
Armour         | |  3.2
Shields        | |  4.0

Action                     |  1- 3 |  4- 6 |  7- 9 || total
---------------------------+-------+-------+-------++-------
  Melee: War axe           |    91 |   155 |    17 ||   263
  Evoke: Wand              |       |     3 |     1 ||     4
    Use: Scroll            |     2 |     7 |       ||     9
 Armour: Scale mail        |    44 |    80 |    20 ||   144
  Dodge: Dodged            |    44 |    54 |    23 ||   121
  Block: Buckler           |    23 |    52 |    16 ||    91
